 Dungeon Crawl Stone Soup version 0.25-a0-86-ga6f17ae7d4 (webtiles) character file.

Game seed: 11309310537435844097, levelgen mode: deterministic

363 D1HalberdGnoll the Covert (level 6, -8/47 HPs)
             Began as a Vampire Assassin on Nov 9, 2019.
             Was an Initiate of Fedhas.
             Mangled by an iguana (9 damage)
             ... on level 3 of the Dungeon.
             The game lasted 00:05:02 (3035 turns).

D1HalberdGnoll the Covert (Vampire Assassin)        Turns: 3035, Time: 00:05:03

Health: -8/47      AC:  4    Str: 17    XL:     6   Next: 39%
Magic:  6/6        EV: 13    Int: 14    God:    Fedhas [......]
Gold:   61         SH:  0    Dex: 15    Spells: 5/5 levels left

rFire    . . .     SeeInvis +   w - +3 short sword
rCold    . . .     Gourm    .   (no shield)
rNeg     . . .     Faith    .   h - +0 leather armour
rPois    .         Spirit   .   (no helmet)
rElec    .         Reflect  .   c - +0 cloak
rCorr    .         Harm     .   (no gloves)
MR       .....                  (no boots)
Stlth    ++++......             (no amulet)
HPRegen  0.35/turn              (no ring)
MPRegen  0.10/turn              (no ring)

@: mighty, lethally poisoned (-8 -> -8), regenerating quickly
A: no food, fangs 3, see invisible, unbreathing
a: Exsanguinate, Renounce Religion


You were on level 3 of the Dungeon.
You worshipped Fedhas.
Fedhas was noncommittal.
You were alive.

You visited 1 branch of the dungeon, and saw 4 of its levels.

You collected 61 gold pieces.

Inventory:

Hand Weapons
 s - a +0 short sword of speed
 w - a +3 short sword (weapon)
Missiles
 d - 6 poisoned darts (quivered)
 e - 2 curare-tipped darts
Armour
 c - a +0 cloak (worn)
 h - a +0 leather armour (worn)
Jewellery
 b - an uncursed amulet of harm {unknown}
Scrolls
 g - a scroll of amnesia {unknown}
 l - a scroll of remove curse {unknown}
 m - 3 scrolls of enchant armour {unknown}
 p - a scroll of enchant weapon {unknown}
 q - a scroll of blinking {unknown}
 r - a scroll of identify {unknown}
 t - a scroll of teleportation {unknown}
 v - a scroll of noise {unknown}
Potions
 f - a potion of might
 i - a potion of ambrosia
 j - a potion of haste {unknown}
 k - a potion of lignification {unknown}
 n - a potion of brilliance {unknown}
 o - a potion of invisibility
Comestibles
 u - 4 rations


   Skills:
 + Level 3.1 Fighting
 + Level 3.8 Short Blades
 - Level 1.5 Throwing
 + Level 3.2 Dodging
 * Level 8.8 Stealth


You had 5 spell levels left.
You didn't know any spells.
Your spell library contained the following spells:

 Spells                   Type           Power        Failure   Level  Hunger
 Animate Skeleton         Necr           N/A          34%         1    N/A
 Apportation              Tloc           #.....       34%         1    N/A
 Confusing Touch          Hex            #.....       34%         1    N/A
 Summon Small Mammal      Summ           #...         34%         1    N/A

Dungeon Overview and Level Annotations

Branches:
Dungeon (4/15)
 Temple: D:4-7

Altars:
Ashenzari
Elyvilon
Fedhas
Gozag
Makhleb
Ru
Sif Muna
Trog
Zin


Innate Abilities, Weirdness & Mutations

You do not eat.
Your natural rate of healing is unusually fast.
You have razor-sharp teeth.
You have supernaturally acute eyesight. (SInv)
You can survive without breathing.


Message History

There is a stone staircase leading up, spattered with blood here.
You feel sick.
The worker ant bites you but does no damage.
The iguana misses you. The worker ant bites you.
* * * LOW HITPOINT WARNING * * *
You climb upwards.
You feel sick.
There is a stone staircase leading down, spattered with blood here.
It was a potion of might.
You feel very mighty all of a sudden. The iguana misses you.
You puncture the iguana!
The iguana is heavily wounded.
The iguana bites you!
* * * LOW HITPOINT WARNING * * *
You barely miss the iguana.
The iguana is heavily wounded.
* * * LOW HITPOINT WARNING * * *
You feel sick. The iguana bites you!
You die...
Fedhas appreciates your contribution to the ecosystem.

####....####
........'..#
........##.#
........##)#
....#....#.#
.........#.#
.........#.#
'##.....##.#######
..............al@#
...............###
#####......###.#
..# #......# #.#
..# #......# #.#
..# ######## #.#
..# #.# ..# #.#
..# #.#


You could see an iguana and a worker ant.

Vanquished Creatures
  A hound (D:3)
  An orc priest (D:3)
  3 orc wizards (D:3)
  A worker ant (D:3)
  7 adders
  3 worms
  2 dart slugs
  2 leopard geckos
  12 orcs (D:3)
  8 bats
  9 giant cockroaches
  7 goblins
  3 hobgoblins (D:1)
  8 jackals
  A ball python (D:3)
  A frilled lizard (D:1)
  15 kobolds
  8 rats
92 creatures vanquished.

Vanquished Creatures (others)
  An orc priest (D:3)
1 creature vanquished.

Grand Total: 93 creatures vanquished

Notes
Turn   | Place    | Note
-------+----------+-------------------------------------------
     0 | D:1      | D1HalberdGnoll the Vampire Assassin began the quest for the
                  | Orb.
     0 | D:1      | Reached XP level 1. HP: 16/16 MP: 1/1
    45 | D:1      | Reached skill level 6 in Stealth
   235 | D:1      | Reached XP level 2. HP: 19/22 MP: 2/2
   444 | D:1      | Reached XP level 3. HP: 25/27 MP: 3/3
  1178 | D:2      | Reached skill level 7 in Stealth
  1214 | D:2      | Reached XP level 4. HP: 34/34 MP: 4/4
  1239 | D:2      | Found a white marble altar of Elyvilon.
  1445 | D:2      | Found an opulent altar of Gozag.
  1457 | D:2      | Found a shimmering blue altar of Sif Muna.
  1530 | D:2      | Found a sacrificial altar of Ru.
  1554 | D:2      | Found a shattered altar of Ashenzari.
  1734 | D:3      | Found a blossoming altar of Fedhas.
  1734 | D:3      | Found a glowing silver altar of Zin.
  1786 | D:3      | Found a burning altar of Makhleb.
  1799 | D:3      | Became a worshipper of Fedhas Madash
  1831 | D:3      | Reached XP level 5. HP: 29/39 MP: 5/5
  2005 | D:3      | Reached skill level 8 in Stealth
  2304 | D:3      | Found a bloodstained altar of Trog.
  2550 | D:3      | Reached XP level 6. HP: 45/47 MP: 6/6
  2697 | D:3      | Reached * piety under Fedhas
  3034 | D:3      | HP: 2/47 [iguana (9)]
  3035 | D:3      | Mangled by an iguana

Levels and vault maps discovered:
D:1:      lightli_arrival_farm, layout_loops_ring
D:2:      layout_rooms, elyvilon_altar_4, nicolae_overflow_quartered_altars,
          serial_rivers, chequers_serial_rivers_micro_c,
          chequers_serial_rivers_marsh, chequers_serial_rivers_micro_e,
          chequers_serial_rivers_small_3
D:3:      layout_basic, lemuel_round_altar, grunt_temple_overflow_open,
          first_ration
D:4:      layout_rooms, cheibriados_altar_1, lemuel_doored_altar,
          serial_bayou_pond_b

Skill      XL: |  1  2  3  4  5 |
---------------+----------------+-----
Stealth        | 6 7 8 |  8.8
Fighting       | 2 3 |  3.1
Dodging        | 2 3 |  3.2
Short Blades   | 3 |  3.8
Throwing       | |  1.5

Action                   |  1- 3 |  4- 6 || total
-------------------------+-------+-------++-------
Melee: Dagger            |   145 |   154 ||   299
       Bite              |     7 |    13 ||    20
       Short sword       |       |    72 ||    72
Throw: Dart              |     5 |     7 ||    12
  Use: Potion            |       |     3 ||     3
 Stab: Sleeping          |     5 |     6 ||    11
       Distracted        |       |     1 ||     1
       Invisible         |       |     1 ||     1
Armor: Robe              |    22 |       ||    22
       Leather armour    |    13 |    30 ||    43
Dodge: Dodged            |    80 |   157 ||   237

Table legend:
 A = Non-vault XP
 B = Vault XP
 C = Vault XP percentage of total XP
 D = Non-vault monster count
 E = Vault monster count
 F = Vault count percentage of total count
                 A         B        C        D         E       F
            +---------+---------+-------+---------+---------+-------
      Total |     441 |      78 |  15.0 |      91 |       2 |   2.2
            +---------+---------+-------+---------+---------+-------
        D:1 |      66 |       0 |   0.0 |      33 |       0 |   0.0
        D:2 |      63 |       0 |   0.0 |      22 |       0 |   0.0
        D:3 |     312 |      78 |  20.0 |      36 |       2 |   5.3
            +---------+---------+-------+---------+---------+-------
